 Dungeon Crawl Stone Soup version 0.29.1-12-g30fa7ad0bf (webtiles) character file.

Game seed: 13744371974598590992

439 BillyBaka the Trooper (level 6, -2/50 HPs)
             Began as a Minotaur Fighter on Dec 22, 2022.
             Was a Follower of Hepliaklqana.
             Slain by a gnoll bouda
             ... wielding a +0 whip
              (3 damage)
             ... on level 5 of the Dungeon.
             The game lasted 00:12:33 (3692 turns).

BillyBaka the Trooper (Minotaur Fighter)            Turns: 3692, Time: 00:12:36

Health: -2/50      AC: 11    Str: 23    XL:     6   Next: 70%
Magic:  5/5        EV:  7    Int:  5    God:    Hepliaklqana [*.....]
Gold:   135        SH:  4    Dex:  9    Spells: 5/5 levels left

rFire   . . .      SeeInvis .   q - +4 short sword (elec)
rCold   . . .      Faith    +   c - +0 buckler
rNeg    . . .      Spirit   .   t - +0 chain mail
rPois   .          Reflect  .   (helmet restricted)
rElec   .          Harm     .   (no cloak)
rCorr   .          Rampage  .   C - +0 pair of gloves
Will    .....                   B - +0 pair of boots
Stlth   ..........              n - amulet of faith
HPRegen 0.16/turn               k - ring of flight
MPRegen 0.09/turn               (no ring)

@: weakened, flying
A: reduced essence, horns 2, retaliatory headbutt
a: Renounce Religion, Recall Ancestor, Ancestor Identity


You were on level 5 of the Dungeon.
You worshipped Hepliaklqana.
Hepliaklqana was aware of your devotion.
You visited 2 branches of the dungeon, and saw 6 of its levels.

You collected 183 gold pieces.
You spent 48 gold pieces at shops.

Inventory:

Hand Weapons
 a - a +0 war axe
 q - a +4 short sword of electrocution (weapon)
Missiles
 i - 2 boomerangs (quivered)
Armour
 c - a +0 buckler (worn)
 t - a +0 chain mail (worn)
 B - a +0 pair of boots (worn)
 C - a +0 pair of gloves (worn)
Jewellery
 k - a ring of flight (left hand)
 n - an amulet of faith (around neck)
 s - a ring of ice
Scrolls
 e - 9 scrolls of identify {unknown}
 g - 2 scrolls of immolation {unknown}
 l - 2 scrolls of teleportation {unknown}
 m - 2 scrolls of noise {unknown}
 o - a scroll of amnesia {unknown}
 p - 3 scrolls of fear {unknown}
 r - a scroll of silence {unknown}
 v - 2 scrolls of butterflies {unknown}
 x - a scroll of poison {unknown}
 y - a scroll of magic mapping {unknown}
 z - 3 scrolls of vulnerability {unknown}
Potions
 b - 2 potions of magic {unknown}
 d - 2 potions of might
 f - a potion of heal wounds
 h - a potion of haste {unknown}
 j - 4 potions of brilliance {unknown}
 u - 4 potions of invisibility {unknown}
 w - a potion of lignification {unknown}
 A - a potion of curing {unknown}
 D - 2 potions of attraction {unknown}


   Skills:
 + Level 5.6 Fighting
 * Level 4.2 Short Blades
 - Level 4.3 Axes
 + Level 2.9 Throwing
 - Level 3.6 Armour
 - Level 3.6 Shields


You had 5 spell levels left.
You didn't know any spells.
Your spell library contained the following spells:

 Spells                   Type           Power      Damage    Failure   Level
 Necrotise                Necr           0%         1d4       99%         1
 Ensorcelled Hibernation  Hex/Ice        0%         N/A       100%        2
 Sublimation of Blood     Necr           0%         N/A       100%        2
 Spider Form              Tmut/Pois      0%         N/A       100%        3
 Vampiric Draining        Necr           0%         2d6       100%        3
 Anguish                  Hex/Necr       0%         N/A       100%        4
 Animate Dead             Necr           0%         N/A       100%        4


Dungeon Overview and Level Annotations

Branches:
Dungeon (5/15)             Temple (1/1) D:5

Altars:
Hepliaklqana
Kikubaaqudgha
Makhleb

Shops:
D:3 *


Innate Abilities, Weirdness & Mutations

Your life essence is reduced to manifest your ancestor. (-10% HP)
You have a pair of horns on your head.
You reflexively headbutt those who attack you in melee.


Message History

You hit the gnoll bouda.
You headbutt the gnoll bouda, but do no damage.
The gnoll bouda is moderately wounded.
The gnoll hits you but does no damage. You block the gnoll bouda's attack.
You feel much better. The gnoll barely misses you.
The gnoll bouda barks out a call to the hunt!
The gnoll picks up the pace!
You hit the gnoll bouda but do no damage.
The gnoll bouda is moderately wounded.
The gnoll closely misses you.
The gnoll bouda gazes fiercely through you!
You feel as though you will be weak longer.
The gnoll bouda hits you with a +0 whip.
You hit the gnoll bouda but do no damage.
The gnoll bouda is moderately wounded.
The gnoll barely misses you. You block the gnoll bouda's attack.
You barely miss the gnoll bouda.
The gnoll bouda is moderately wounded.
The gnoll hits you from afar with a +0 halberd.
The gnoll bouda misses you.
You hit the gnoll bouda.
The gnoll bouda is moderately wounded.
The gnoll barely misses you.
The gnoll bouda hits you with a +0 whip.
You closely miss the gnoll bouda. You headbutt the gnoll bouda!
The gnoll bouda is almost dead.
The gnoll hits you from afar with a +0 halberd.
* * * LOW HITPOINT WARNING * * *
The gnoll bouda barely misses you.
You barely miss the gnoll bouda. Your headbutt misses the gnoll bouda.
The gnoll bouda is almost dead.
The gnoll barely misses you. The gnoll bouda closely misses you.
You completely miss the gnoll bouda.
The gnoll bouda is almost dead.
The gnoll hits you from afar with a +0 halberd!
* * * LOW HITPOINT WARNING * * *
The gnoll bouda gazes fiercely through you!
You feel as though you will be weak longer.
The gnoll bouda hits you with a +0 whip.
You die...

#.............#.........
........(..##...........
...........####.#.......
...........# #.........
#..........# ##..####..
.....#...#.# .## ###
##..#..##.#### .# #
##..........# .# #
#.##@##g.#.##.# #
#.##g###.#....## #
#..#g.##.#.....#
#.##.##....#
#####>.#)###R#.....# #
.......#..##.#####.. #.
#....).#......). ...
##.##........... ..# #.
#<#......... #.


You could see a gnoll bouda and a gnoll (swift).

Vanquished Creatures
  2 necrophages
  A jelly (D:5)
  An orc priest (D:5)
  2 iguanas (D:5)
  An orc wizard (D:3)
  2 gnolls (D:5)
  3 adders
  An ufetubus (D:5)
  3 worms
  3 dart slugs
  6 orcs
  4 endoplasms
  A giant cockroach (D:1)
  5 goblins
  4 hobgoblins
  4 jackals (D:1)
  9 quokkas
  5 ball pythons
  A bat (D:2)
  A frilled lizard (D:3)
  7 kobolds
  3 rats
69 creatures vanquished.

Vanquished Creatures (collateral kills)
  A jelly (D:5)
  A gnoll (D:5)
2 creatures vanquished.

Vanquished Creatures (others)
  An ancestor (D:5)
1 creature vanquished.

Grand Total: 72 creatures vanquished

Notes
Turn   | Place    | Note
-------+----------+-------------------------------------------
     0 | D:1      | BillyBaka the Minotaur Fighter began the quest for the Orb.
     0 | D:1      | Reached XP level 1. HP: 19/19 MP: 0/0
   268 | D:1      | Reached XP level 2. HP: 27/27 MP: 1/1
   396 | D:1      | Reached skill level 4 in Fighting
   570 | D:1      | Found a faded altar of an unknown god.
   597 | D:1      | Prayed at the altar of an unknown god.
   597 | D:1      | Became a worshipper of Kikubaaqudgha
   597 | D:1      | Reached * piety under Kikubaaqudgha
   597 | D:1      | Received a gift from Kikubaaqudgha
   632 | D:1      | Fell from the grace of Kikubaaqudgha
   841 | D:2      | Found a burning altar of Makhleb.
   898 | D:2      | Reached XP level 3. HP: 33/33 MP: 2/2
  1672 | D:2      | Reached skill level 1 in Throwing
  1692 | D:2      | You are sucked into a shaft and drop 2 floors!
  1703 | D:4      | Reached XP level 4. HP: 29/41 MP: 3/3
  1950 | D:3      | Found a hazy altar of Hepliaklqana.
  1960 | D:3      | Became a worshipper of Hepliaklqana the Forgotten
  2109 | D:3      | Noticed a necrophage
  2115 | D:3      | Killed a necrophage
  2116 | D:3      | Reached XP level 5. HP: 40/47 MP: 4/4
  2225 | D:3      | Found Qaxkadof's Assorted Antiques.
  2228 | D:3      | Bought a scroll labelled BUGUEDWIFUNG for 16 gold pieces
  2228 | D:3      | Bought a scroll labelled ZIYR ECLITZ for 16 gold pieces
  2228 | D:3      | Bought a scroll labelled BUGHAST KYTUIHI for 16 gold pieces
  2882 | D:4      | Reached * piety under Hepliaklqana
  2961 | D:4      | Reached skill level 5 in Fighting
  3383 | D:5      | Entered Level 5 of the Dungeon
  3415 | D:5      | Reached XP level 6. HP: 50/50 MP: 5/5
  3436 | D:5      | Found a staircase to the Ecumenical Temple.
  3530 | Temple   | Entered the Ecumenical Temple
  3668 | D:5      | HP: 1/50 [gnoll bouda/+0 whip (4)]
  3682 | D:5      | HP: 2/50 [gnoll/+0 halberd[a gnoll bouda] (9)]
  3692 | D:5      | HP: 1/50 [gnoll/+0 halberd[a gnoll bouda] (13)]
  3692 | D:5      | Slain by a gnoll bouda

Illustrated notes

Levels and vault maps discovered:
D:1:      heliophobic_arrival_battle_scene, layout_rooms,
          shapermc_ecumenical_altar_pompeii
D:2:      layout_basic, basic_altar
D:3:      layout_basic, mainiacjoe_overflow_24_doors, serial_shops,
          nicolae_shop_behind_doors, minmay_box_of_dots
D:4:      layout_loops_cross, kennysheep_potato
D:5:      layout_rooms, minmay_temple_entry_proselytizer,
          kennysheep_generic_room_2
Temple:   eino_temple_scatter_basement

Skill      XL: |  1  2  3  4  5  6 |
---------------+-------------------+-----
Axes           | 3 4 |  4.3
Fighting       | 4 5 |  5.6
Throwing       | 1 2 |  2.9
Short Blades   | 2 3 4 |  4.2
Armour         | |  3.6
Shields        | |  3.6

Action                   |  1- 3 |  4- 6 || total
-------------------------+-------+-------++-------
Melee: War axe           |    97 |       ||    97
       Headbutt          |    14 |    15 ||    29
       Short sword       |       |    92 ||    92
Invok: Renounce Religion |     1 |       ||     1
       Ancestor Identity |       |     1 ||     1
  Use: Potion            |       |     2 ||     2
Armor: Scale mail        |    40 |     5 ||    45
       Chain mail        |       |    46 ||    46
Dodge: Dodged            |    44 |    37 ||    81
Block: Buckler           |    28 |    20 ||    48
